 Dungeon Crawl Stone Soup version 0.28-a0-957-g42eb19b844 (webtiles) character file.

Game seed: 2389104577701227718

107 browni3141 the Skirmisher (level 4, -2/38 HPs)
             Began as a Demigod Fighter on Nov 30, 2021.
             Killed from afar by an orc wizard (9 damage)
             ... with a puff of flame
             ... on level 3 of the Dungeon.
             The game lasted 00:04:48 (2252 turns).

browni3141 the Skirmisher (Demigod Fighter)         Turns: 2252, Time: 00:04:49

Health: -2/38      AC:  6    Str: 21    XL:     4   Next: 31%
Magic:  6/6        EV: 10    Int: 10    God:
Gold:   99         SH:  4    Dex: 13    Spells: 3/3 levels left

rFire   . . .      SeeInvis .   a - +0 flail
rCold   . . .      Faith    .   c - +0 buckler
rNeg    . . .      Spirit   .   b - +0 scale mail
rPois   .          Reflect  .   (no helmet)
rElec   .          Harm     .   (no cloak)
rCorr   .          Rampage  .   (no gloves)
Will    .....                   (no boots)
Stlth   ..........              (no amulet)
HPRegen 0.12/turn               (no ring)
MPRegen 0.10/turn               (no ring)

@: mighty
A: high mp 1, forlorn
a: no special abilities


You were on level 3 of the Dungeon.
You visited 1 branch of the dungeon, and saw 3 of its levels.

You collected 99 gold pieces.

Inventory:

Hand Weapons
 a - a +0 flail (weapon)
Missiles
 f - 23 sling bullets
 g - 28 arrows
 i - 96 stones
 j - 14 poisoned darts (quivered)
Armour
 b - a +0 scale mail (worn)
 c - a +0 buckler (worn)
Jewellery
 m - a ring of ice
Scrolls
 e - a scroll of enchant weapon {unknown}
 h - 2 scrolls of enchant armour {unknown}
 k - a scroll of summoning {unknown}
Potions
 l - 2 potions of curing {unknown}


   Skills:
 * Level 3.5 Fighting
 - Level 1.7 Maces & Flails
 + Level 3.1 Armour
 + Level 1.3 Dodging
 + Level 1.4 Stealth
 + Level 3.1 Shields


You had 3 spell levels left.
You didn't know any spells.
Your spell library was empty.

Dungeon Overview and Level Annotations

Branches:
Dungeon (3/15)


Innate Abilities, Weirdness & Mutations

Your attributes grow dramatically as you level up.
You have an increased reservoir of magic. (+10% MP)
You shall have no god before yourself.


Message History

A magic dart appears from out of thin air!
The magic dart hits you.
You miss something.
You hear some strange, mumbled words.
A magic dart appears from out of thin air!
The magic dart hits you.
You closely miss something. Something hits you.
You miss something.
You hear some strange, mumbled words.
You are confused.
You hear some strange, mumbled words.
Something tries to affect you, but you resist.
You feel very mighty all of a sudden. Something hits you but does no damage.
You closely miss something.
You hear some strange, mumbled words.
You are more confused.
You bump into the rock wall.
Something hits you.
You barely miss something.
You hear some strange, mumbled words.
A puff of flame appears from out of thin air!
The puff of flame hits you!
* * * LOW HITPOINT WARNING * * *
You bump into the rock wall.
Something hits you.
* * * LOW HITPOINT WARNING * * *
You barely miss something. Something hits you.
* * * LOW HITPOINT WARNING * * *
Something hits you.
* * * LOW HITPOINT WARNING * * *
You bump into the rock wall.
Something hits you but does no damage.
You miss something. Something hits you but does no damage.
You miss something. Something hits you.
* * * LOW HITPOINT WARNING * * *
You miss something.
You feel less confused. Something hits you but does no damage.
You hear some strange, mumbled words.
A puff of flame appears from out of thin air!
The puff of flame hits you!
You die...

#.............##.....##.#
#.............###...## #
###.#.######### ##+##
#...# ###.# ## ####.#####
.. #........# .#
#.##.###.# .# #.##.# #@#
.# #.##.###{####.###.#.
#.##......†.........
#.######.####.#####.
#........# .# ##########
.. ###


There were no monsters in sight!

Vanquished Creatures
  A crimson imp (D:3)
  A worm (D:2)
  4 ball pythons
  2 endoplasms
  5 giant cockroaches
  8 goblins
  10 hobgoblins
  3 jackals (D:2)
  4 kobolds
  2 quokkas (D:1)
  3 bats (D:2)
  8 frilled lizards
  A goblin zombie (D:3)
  4 hobgoblin zombies (D:3)
  A kobold skeleton (D:3)
  A kobold zombie (D:3)
  2 orc skeletons (D:3)
  4 rats
64 creatures vanquished.

Vanquished Creatures (others)
  9 plants (D:2)
9 creatures vanquished.

Grand Total: 73 creatures vanquished

Notes
Turn   | Place    | Note
-------+----------+-------------------------------------------
     0 | D:1      | browni3141 the Demigod Fighter began the quest for the Orb.
     0 | D:1      | Reached XP level 1. HP: 18/18 MP: 3/3
   259 | D:1      | Reached XP level 2. HP: 22/25 MP: 4/4
   835 | D:2      | Reached skill level 1 in Stealth
  1163 | D:2      | Reached XP level 3. HP: 31/31 MP: 5/5
  1427 | D:2      | Reached skill level 1 in Dodging
  2124 | D:3      | Reached XP level 4. HP: 33/38 MP: 6/6
  2252 | D:3      | Killed from afar by an orc wizard

Illustrated notes

Levels and vault maps discovered:
D:1:      dpeg_arrival_simpleton_b, layout_rooms, st_stairs_6
D:2:      layout_basic, dreamdust_ecumenical_altar_statues, minmay_lizard_king
D:3:      layout_loops_corners, nicolae_tso_besieged_by_evil, uniq_robin

Skill      XL: |  1  2  3 |
---------------+----------+-----
Fighting       | 3 |  3.5
Stealth        | 1 |  1.4
Shields        | 3 |  3.1
Dodging        | 1 |  1.3
Armour         | 3 |  3.1
Maces & Flails | |  1.7

Action                   |  1- 3 |  4- 6 || total
-------------------------+-------+-------++-------
Melee: Flail             |   163 |    29 ||   192
Throw: Dart              |     1 |       ||     1
  Use: Potion            |       |     1 ||     1
Armor: Scale mail        |    75 |    14 ||    89
Dodge: Dodged            |    80 |    13 ||    93
Block: Buckler           |    44 |     4 ||    48

Table legend: (Time is in decaauts)
 A = Elapsed time spent in this place.
 B = Non-inter-level travel time spent in this place.
 C = Inter-level travel time spent in this place.
 D = Time resting spent in this place.
 E = Time spent auto-exploring this place.
 F = Levels seen in this place.
 G = Mean time per level.
                   A        B        C        D        E       F      G
               +--------+--------+--------+--------+--------+-----+--------+
         Total |   2313 |   2284 |     29 |    214 |   1459 |   3 |  771.0 |
       Dungeon |   2313 |   2284 |     29 |    214 |   1459 |   3 |  771.0 |
               +--------+--------+--------+--------+--------+-----+--------+

Top non-repeatable levels by time:
     D:2: 1274 daAuts
     D:1: 827 daAuts
     D:3: 211 daAuts
